[Event "Titled Tuesday Blitz March 08 Early 2022"]
[White "Kobalia, Mikhail"]
[Black "Avila Pavas, Santiago"]
[WhiteFideId "4119150"]
[BlackFideId "4437128"]
[WhiteElo "2667"]
[BlackElo "2242"]
[Result "1-0"]
[Round "05"]
[TimeControl "180+1"]
[Date "2022.03.08"]
[WhiteClock "0:00:05"]
[BlackClock "0:00:08"]

1. e4 Nf6 2. e5 Nd5 3. d4 d6 4. Nf3 g6 5. Bc4 Nb6 6. Bb3 Bg7 7. O-O O-O 8. Re1 Bg4 9. exd6 cxd6 10. h3 Bf5 11. Nbd2 Nc6 12. c3 e5 13. dxe5 dxe5 14. Nf1 Qxd1 15. Rxd1 Na5 16. Ne3 Nxb3 17. axb3 Be6 18. c4 h6 19. Ng4 e4 20. Nd4 Rad8 21. Be3 Bc8 22. Nb5 f5 23. Nxh6+ Kh7 24. Rxd8 Rxd8 25. Nf7 Rd3 26. Ng5+ Kg8 27. Bxb6 axb6 28. Ra8 Rd8 29. Ne6 Rd1+ 30. Kh2 Be5+ 31. g3 Rd2 32. Kg1 e3 33. fxe3 Bxg3 34. Rxc8+ Kf7 35. Nbc7 Bf2+ 36. Kf1 Bxe3 37. Nd5 Bh6 38. Rh8 Kxe6 39. Rxh6 Kf7 40. Rh7+ Ke6 41. Rxb7 Rxb2 42. Rxb6+ Ke5 43. Rxg6 Rxb3 44. h4 Ke4 45. h5 Kf3 46. Ke1 Rb2 47. h6 Rh2 48. c5 Ke4 49. Nf6+ Ke5 50. h7 f4 51. Rg8 f3 52. h8=Q f2+ 53. Kf1 Rh1+ 54. Qxh1 Ke6 55. Qe4+ Kf7 56. Qg6+ Ke6 57. Ng4+ Kd5 58. Qd3+ Kc6 59. Rg6+ Kb7 60. Qb5+ Kc7 61. Qc6+ Kb8 62. Rg8+ Ka7 63. Ra8# 1-0


[Site "https://www.chess.com"]

[Event "Titled Tuesday Blitz March 08 Early 2022"]
[White "Kohler, Aran"]
[Black "Shuvalov, Evgenij"]
[WhiteFideId "1002856"]
[BlackFideId "4187237"]
[WhiteElo "2275"]
[BlackElo "2151"]
[Result "0-1"]
[Round "05"]
[TimeControl "180+1"]
[Date "2022.03.09"]
[WhiteClock "0:00:15"]
[BlackClock "0:00:16"]

1. d4 Nf6 2. c3 d5 3. Bg5 e6 4. Nd2 Be7 5. e3 O-O 6. Bd3 c5 7. Ngf3 Nc6 8. h4 b6 9. Bxf6 Bxf6 10. Bxh7+ Kxh7 11. Ng5+ Kh6 12. f4 Ba6 13. Qc2 g6 14. h5 Bxg5 15. hxg6+ Kg7 16. Rh7+ Kf6 17. fxg5+ Ke7 18. O-O-O cxd4 19. gxf7 Nb4 20. Qa4 Nd3+ 21. Kb1 Nc5 22. Qa3 Bd3+ 23. Ka1 Bxh7 24. exd4 Qc7 25. Nf3 Rxf7 26. Ne5 Rf2 27. g6 Bg8 28. dxc5 Qxe5 29. cxb6+ Qd6 30. Qa6 Qxb6 31. Qa3+ Qd6 32. Qa4 Rb8 33. Qh4+ Kd7 34. Qxf2 Qb6 35. Rb1 Qxf2 36. g7 Qxg2 37. a3 Qxg7 38. Rc1 Qe7 39. Rb1 Qd6 40. Ka2 Qb6 41. c4 Qb3+ 42. Ka1 d4 43. c5 e5 44. c6+ Kc7 45. Rc1 Qa2# 0-1


[Site "https://www.chess.com"]

[Event "Titled Tuesday Blitz March 08 Early 2022"]
[White "Korkmaz, Necmettin"]
[Black "Morefield, Jason"]
[WhiteFideId "6303285"]
[BlackFideId "30920825"]
[WhiteElo "2094"]
[BlackElo "2171"]
[Result "1-0"]
[Round "05"]
[TimeControl "180+1"]
[Date "2022.03.09"]
[WhiteClock "0:00:50"]
[BlackClock "0:00:02"]

1. e4 c5 2. Nc3 Nc6 3. f4 g6 4. Nf3 Bg7 5. Bb5 Nd4 6. O-O e6 7. Nxd4 cxd4 8. Ne2 Ne7 9. Bd3 O-O 10. b3 d6 11. Bb2 f5 12. Ng3 e5 13. Qe2 d5 14. exd5 e4 15. Bc4 Nxd5 16. Nxe4 Kh8 17. Ng5 Nxf4 18. Nf7+ Rxf7 19. Rxf4 Re7 20. Qd3 g5 21. Rxd4 Qb6 22. Kh1 Be6 23. Rd6 Bxc4 24. Bxg7+ Rxg7 25. bxc4 Qc7 26. Qd4 f4 27. Re1 Kg8 28. Qd5+ Kh8 29. Rde6 Rag8 30. Qd4 f3 31. gxf3 Qf7 32. R1e3 g4 33. f4 g3 34. hxg3 Qh5+ 35. Kg2 Qd1 36. Re7 Qh5 37. Rxg7 Rxg7 38. Qd8+ Rg8 39. Qf6+ Rg7 40. Re7 Qe2+ 41. Rxe2 1-0


[Site "https://www.chess.com"]

[Event "Titled Tuesday Blitz March 08 Early 2022"]
[White "Kostiukov, Alexandr"]
[Black "Bashirli, Saadat"]
[WhiteFideId "14108100"]
[BlackFideId "13429990"]
[WhiteElo "2202"]
[BlackElo "1173"]
[Result "1/2-1/2"]
[Round "05"]
[TimeControl "180+1"]
[Date "2022.03.09"]
[WhiteClock "0:00:04"]
[BlackClock "0:00:09"]

1. g3 d5 2. Bg2 Bg4 3. h3 Bf5 4. d3 Nc6 5. e4 dxe4 6. dxe4 Qxd1+ 7. Kxd1 O-O-O+ 8. Nd2 Bg6 9. f4 f6 10. c3 e5 11. Kc2 Bc5 12. a4 Nge7 13. Nc4 Rhe8 14. fxe5 fxe5 15. Be3 Bxe3 16. Nxe3 Ng8 17. Nf5 Bxf5 18. exf5 Nge7 19. Be4 Rf8 20. Rf1 Nd5 21. Bxd5 Rxd5 22. Ne2 Rfd8 23. Rd1 Ne7 24. g4 R5d6 25. Rhe1 Nd5 26. Kb3 Nf6 27. Rxd6 Rxd6 28. Kc2 Nd5 29. Ng3 Nf4 30. h4 Rd5 31. g5 Ng2 32. Re4 Nf4 33. f6 gxf6 34. gxf6 Ng6 35. h5 Nf8 36. Nf5 Kd7 37. Ne7 Rd6 38. Ng8 Re6 39. b4 Ke8 40. Kd3 Kf7 41. Nh6+ Kxf6 42. Ng4+ Kf5 43. Ne3+ Kg5 44. Nd5 c6 45. Nc7 Re7 46. Na8 Kxh5 47. b5 cxb5 48. axb5 Kg5 49. b6 axb6 50. Nxb6 h5 51. Nd5 Re6 52. c4 h4 53. Ke3 Ng6 54. Kf3 Re8 55. Rg4+ Kh5 56. Nf6+ Kh6 57. Nxe8 h3 58. Kg3 Nf4 59. Rxf4 exf4+ 60. Kxh3 Kg5 61. Kg2 Kf5 62. Kf3 Ke5 63. Ke2 Kd4 64. Nd6 Kc5 65. Nxb7+ Kxc4 66. Kf3 Kd4 67. Kxf4 1/2-1/2


[Site "https://www.chess.com"]

[Event "Titled Tuesday Blitz March 08 Early 2022"]
[White "Kovanova, Baira"]
[Black "Murzin, Volodar"]
[WhiteFideId "4164083"]
[BlackFideId "44155573"]
[WhiteElo "2190"]
[BlackElo "2585"]
[Result "0-1"]
[Round "05"]
[TimeControl "180+1"]
[Date "2022.03.09"]
[WhiteClock "0:00:02"]
[BlackClock "0:00:22"]

1. e4 c6 2. Nf3 d5 3. d3 Qc7 4. Nc3 dxe4 5. dxe4 e5 6. Bc4 h6 7. a4 Nf6 8. h3 a5 9. Be3 Nbd7 10. O-O Bc5 11. Qe2 O-O 12. Nh4 Bxe3 13. Qxe3 Qb6 14. Qf3 Nc5 15. b3 Be6 16. Nf5 Kh7 17. Ne3 Rad8 18. Rad1 Rd4 19. Nf5 Rxd1 20. Rxd1 Rd8 21. Rxd8 Qxd8 22. Be2 Qd2 23. Bd1 Ncxe4 24. Nxe4 Qe1+ 25. Kh2 Nxe4 26. Be2 Nxf2 27. Ne3 e4 28. Qf4 Qxe2 0-1


[Site "https://www.chess.com"]

[Event "Titled Tuesday Blitz March 08 Early 2022"]
[White "Kozak, Antoni"]
[Black "Taichman, Ori"]
[WhiteFideId "21832030"]
[BlackFideId "2804069"]
[WhiteElo "2236"]
[BlackElo "2227"]
[Result "1-0"]
[Round "05"]
[TimeControl "180+1"]
[Date "2022.03.09"]
[WhiteClock "0:00:20"]
[BlackClock "0:00:12"]

1. Nf3 Nf6 2. c4 g6 3. Nc3 Bg7 4. e4 O-O 5. d4 d6 6. h3 e5 7. d5 Na6 8. Be3 Nh5 9. Nd2 c6 10. g3 Qe8 11. Be2 Nf6 12. g4 Nc7 13. g5 Nd7 14. h4 cxd5 15. cxd5 f5 16. f3 a6 17. a4 Qe7 18. Qb3 Rf7 19. Rc1 Nc5 20. Qa3 b5 21. b4 Nxa4 22. Nxa4 bxa4 23. Qxa4 Bd7 24. Qa5 Bb5 25. Bb6 Nxd5 26. exd5 Bxe2 27. Kxe2 e4 28. f4 e3 29. Nf3 Qe4 30. h5 gxh5 31. Rxh5 Qxf4 32. Rh4 Qg3 33. Rh2 Re8 34. Rg1 Qf4 35. Rh4 Qxh4 36. Nxh4 f4 37. g6 hxg6 38. Rxg6 Kh7 39. Rg4 Bh6 40. Qxa6 f3+ 41. Nxf3 Rxf3 42. Qd3+ Kh8 43. Kxf3 e2 44. Bf2 e1=Q 45. Bxe1 Rxe1 46. Qg6 Re3+ 47. Kf2 1-0


[Site "https://www.chess.com"]

[Event "Titled Tuesday Blitz March 08 Early 2022"]
[White "Krysa, Leandro"]
[Black "Daneshvar, Bardiya"]
[WhiteFideId "116807"]
[BlackFideId "12576468"]
[WhiteElo "2490"]
[BlackElo "2295"]
[Result "1-0"]
[Round "05"]
[TimeControl "180+1"]
[Date "2022.03.08"]
[WhiteClock "0:00:30"]
[BlackClock "0:01:29"]

1. e4 e6 2. d4 d5 3. e5 c5 4. c3 Nc6 5. Nf3 Bd7 6. Bd3 cxd4 7. O-O dxc3 8. Nxc3 Nge7 9. Re1 Ng6 10. g3 Rc8 11. h4 Nge7 12. h5 h6 13. Bf4 a6 14. Rc1 Na5 15. Qe2 Nc4 16. b3 Na3 17. Na4 Nc6 18. Qb2 Nb5 19. Nc5 Nb4 20. Bxb5 Rxc5 21. Bf1 Rxc1 22. Rxc1 Nc6 23. Bd3 Be7 24. Bb1 Qb6 25. Be3 Qb4 26. Kg2 Qg4 27. Rh1 f5 28. Bf4 Bg5 29. Nxg5 hxg5 30. f3 Qxh5 31. Rxh5 Rxh5 32. Be3 1-0


[Site "https://www.chess.com"]

[Event "Titled Tuesday Blitz March 08 Early 2022"]
[White "Kuderinov, Kirill"]
[Black "Petrovic, Aleksa"]
[WhiteFideId "13701568"]
[BlackFideId "967629"]
[WhiteElo "2432"]
[BlackElo "2245"]
[Result "0-1"]
[Round "05"]
[TimeControl "180+1"]
[Date "2022.03.09"]
[WhiteClock "0:00:04"]
[BlackClock "0:00:04"]

1. e4 c6 2. d4 d5 3. e5 c5 4. dxc5 e6 5. Be3 Nd7 6. Nf3 Qc7 7. Nc3 a6 8. Bd3 Bxc5 9. Bxc5 Nxc5 10. O-O Ne7 11. Re1 Ng6 12. Bxg6 fxg6 13. Nd4 O-O 14. a4 b6 15. Qd2 Bd7 16. b4 Nb7 17. Re3 Rac8 18. Nd1 a5 19. c3 Ra8 20. Nb2 Ra7 21. h4 Rfa8 22. f4 axb4 23. cxb4 Qd8 24. h5 Qe8 25. hxg6 hxg6 26. Rea3 Nd8 27. Kh2 Bxa4 28. Rg3 Bd7 29. Rxa7 Rxa7 30. Qd3 Ra2 31. Nd1 Qf7 32. Qf3 Nc6 33. Nxc6 Bxc6 34. Ne3 Bb7 35. Qg4 d4 36. Nc4 d3 37. Nd6 Qd7 38. Qxg6 d2 39. Rh3 Qxd6 40. Qe8+ Qf8 41. Rh8+ Kxh8 42. Qxf8+ Kh7 43. Qd8 d1=Q 44. Qxd1 Rxg2+ 45. Kh3 Rg6 46. Qd7 Bg2+ 47. Kh2 Be4 48. Qf7 Bf5 49. Qd7 Rg4 50. Qd4 g5 51. Qxb6 gxf4 52. Qc7+ Kg6 53. b5 f3 54. Qc8 f2 55. Qg8+ Kh5 56. Qh8+ Kg5 57. Qg7+ Kf4 58. Qh6+ Kf3 59. Qc1 Rg2+ 60. Kh1 Rg1+ 61. Qxg1 fxg1=Q+ 62. Kxg1 Be4 63. b6 Bb7 0-1


[Site "https://www.chess.com"]

[Event "Titled Tuesday Blitz March 08 Early 2022"]
[White "Kuzmin, Roman"]
[Black "Mirzanurov, Bulat"]
[WhiteFideId "44134932"]
[BlackFideId "4184521"]
[WhiteElo "1978"]
[BlackElo "2116"]
[Result "1-0"]
[Round "05"]
[TimeControl "180+1"]
[Date "2022.03.09"]
[WhiteClock "0:00:16"]
[BlackClock "0:00:09"]

1. e4 c5 2. Nf3 d6 3. d4 cxd4 4. Nxd4 Nf6 5. Nc3 a6 6. Be2 e5 7. Nb3 Be7 8. Be3 Nbd7 9. g4 h6 10. a4 b6 11. Qd2 Bb7 12. f3 Qc7 13. h4 Nc5 14. Nxc5 bxc5 15. Bc4 Qb6 16. a5 Qc7 17. Kf2 Rd8 18. g5 Ng8 19. Nd5 Bxd5 20. Qxd5 Bf8 21. Bxa6 Ne7 22. Bb5+ Rd7 23. Qa8+ Qd8 24. Bxd7+ Kxd7 25. Qb7+ Qc7 26. Qb5+ Nc6 27. a6 Qa7 28. Rhd1 Kc7 29. b4 Be7 30. bxc5 dxc5 31. Rdb1 Rb8 32. Qc4 Rb4 33. Rxb4 Nxb4 34. Qxb4 1-0


[Site "https://www.chess.com"]

[Event "Titled Tuesday Blitz March 08 Early 2022"]
[White "Levine, David"]
[Black "Iljin, Timofey"]
[WhiteFideId "2011611"]
[BlackFideId "14110180"]
[WhiteElo "2182"]
[BlackElo "2396"]
[Result "0-1"]
[Round "05"]
[TimeControl "180+1"]
[Date "2022.03.09"]
[WhiteClock "0:00:30"]
[BlackClock "0:01:28"]

1. d4 f5 2. g3 Nf6 3. Bg2 g6 4. Nf3 Bg7 5. O-O O-O 6. c4 d6 7. Nc3 Qe8 8. Qb3 e5 9. c5+ Kh8 10. cxd6 cxd6 11. Nb5 Qe7 12. dxe5 dxe5 13. Nxe5 Qxe5 14. Bf4 Qe7 15. Nc7 Nc6 16. Nxa8 Be6 17. Qa4 Rxa8 18. Rab1 h6 19. b4 g5 20. Bd2 Rd8 21. Bc3 Ne4 22. Be1 Nd4 23. e3 Ne2+ 24. Kh1 N4c3 25. Bxc3 Nxc3 26. Qxa7 Nxb1 27. Rxb1 Bd5 28. a4 Bxg2+ 0-1


[Site "https://www.chess.com"]

[Event "Titled Tuesday Blitz March 08 Early 2022"]
[White "Lima, Kleyton Alcantara"]
[Black "Rychagov, Andrey"]
[WhiteFideId "22718397"]
[BlackFideId "4119932"]
[WhiteElo "1951"]
[BlackElo "2500"]
[Result "0-1"]
[Round "05"]
[TimeControl "180+1"]
[Date "2022.03.09"]
[WhiteClock "0:00:03"]
[BlackClock "0:00:03"]

1. e4 c5 2. Nf3 e6 3. d4 cxd4 4. Nxd4 a6 5. Bd3 Bc5 6. Nb3 Be7 7. Qg4 g6 8. Qe2 d6 9. a4 Nc6 10. O-O Ne5 11. Be3 Nf6 12. a5 O-O 13. N1d2 Bd7 14. f4 Nxd3 15. cxd3 Bb5 16. Nc4 d5 17. exd5 Qxd5 18. Rad1 Rac8 19. Nbd2 Rc6 20. Ne5 Rc2 21. b3 Rd8 22. Qe1 Bb4 23. Qh4 Be7 24. Ndf3 Qxb3 25. Nd4 Rxd4 26. Bxd4 Nd5 27. Qh6 Bf8 28. Qh3 Qb4 29. Ba1 Nxf4 30. Qf3 Rxg2+ 31. Kh1 g5 32. Rg1 Rxg1+ 33. Rxg1 h6 34. d4 Bg7 35. d5 Bc4 36. Nxc4 Qxc4 37. Bxg7 Kxg7 38. dxe6 Nxe6 39. Rf1 Nf4 40. h4 Qe6 41. hxg5 hxg5 42. Rg1 Qh6+ 0-1


[Site "https://www.chess.com"]

[Event "Titled Tuesday Blitz March 08 Early 2022"]
[White "Liyanage, Ranindu Dilshan"]
[Black "Kett, Tim"]
[WhiteFideId "9915834"]
[BlackFideId "1801210"]
[WhiteElo "1858"]
[BlackElo "2098"]
[Result "1-0"]
[Round "05"]
[TimeControl "180+1"]
[Date "2022.03.09"]
[WhiteClock "0:01:21"]
[BlackClock "0:00:32"]

1. e4 e5 2. Nf3 Nc6 3. Bc4 Nf6 4. d3 Bc5 5. c3 d6 6. O-O a6 7. a4 Ba7 8. Nbd2 O-O 9. h3 d5 10. exd5 Nxd5 11. Re1 Re8 12. Ne4 f6 13. b4 Be6 14. Qb3 b5 15. axb5 axb5 16. Bxb5 Bxf2+ 17. Nxf2 Rxa1 18. Bxc6 Nf4 19. Qb2 Ra2 20. Qb1 Rxf2 21. Bxf4 Rxf3 22. gxf3 exf4 23. Bxe8 Qxe8 24. d4 Qc6 25. Qe4 Bd5 26. Qe8+ Qxe8 27. Rxe8+ Kf7 28. Rc8 Bxf3 29. Rxc7+ Kg6 30. b5 f5 31. b6 Kf6 32. b7 1-0


[Site "https://www.chess.com"]

[Event "Titled Tuesday Blitz March 08 Early 2022"]
[White "Ljukin, Sergei"]
[Black "Abdyzhapar, Asylbek"]
[WhiteFideId "14102200"]
[BlackFideId "13800337"]
[WhiteElo "2312"]
[BlackElo "2331"]
[Result "1-0"]
[Round "05"]
[TimeControl "180+1"]
[Date "2022.03.09"]
[WhiteClock "0:00:05"]
[BlackClock "0:00:32"]

1. e4 d6 2. d4 Nf6 3. Nc3 g6 4. Bg5 Bg7 5. f4 h6 6. Bh4 Nbd7 7. e5 Nh7 8. e6 fxe6 9. Bd3 Ndf8 10. Nf3 Nf6 11. O-O c6 12. Ne4 Nxe4 13. Bxe4 Qb6 14. Rb1 c5 15. Bf2 c4 16. d5 Qa5 17. Bd4 Bxd4+ 18. Qxd4 Rg8 19. Qxc4 Qb6+ 20. Kh1 Bd7 21. Nd4 Rc8 22. Qd3 g5 23. dxe6 Nxe6 24. Nxe6 Bxe6 25. Bd5 Bxd5 26. Qxd5 Rg7 27. f5 Qc6 28. Qe6 Rf7 29. Qxh6 Rf6 30. Qxg5 Qxc2 31. Rbe1 Kd7 32. Rxe7+ Kxe7 33. Qg7+ Kd8 34. Qxf6+ Kc7 35. Qe7+ Kb8 36. Qxd6+ Ka8 37. Qe5 Qd3 38. Re1 a6 39. h3 Qc4 40. f6 Qxa2 41. Rf1 Qc4 42. Qf5 Rc5 43. Qf4 Qf7 44. Qe4 Rc7 45. Qe5 Rd7 46. Rc1 Qf8 47. Qe6 Qd8 48. f7 Rd1+ 49. Rxd1 Qxd1+ 50. Kh2 Qf1 51. Qe8+ Ka7 52. f8=Q 1-0


[Site "https://www.chess.com"]

[Event "Titled Tuesday Blitz March 08 Early 2022"]
[White "Lopez Del Alamo, Antonio"]
[Black "Alinasab, Mobina"]
[WhiteFideId "2227339"]
[BlackFideId "12528897"]
[WhiteElo "2082"]
[BlackElo "2052"]
[Result "1-0"]
[Round "05"]
[TimeControl "180+1"]
[Date "2022.03.09"]
[WhiteClock "0:00:13"]
[BlackClock "0:00:01"]

1. e4 c5 2. Nf3 d6 3. d4 cxd4 4. Nxd4 Nf6 5. Nc3 a6 6. Be2 e5 7. Nb3 Be7 8. Be3 Be6 9. Nd5 Nbd7 10. Qd3 Bxd5 11. exd5 O-O 12. g4 e4 13. Qd4 Ne5 14. Rg1 Rc8 15. c3 Nf3+ 16. Bxf3 exf3 17. g5 Nd7 18. h4 Re8 19. O-O-O Ne5 20. Kb1 Rc4 21. Qd2 a5 22. Nd4 a4 23. Nf5 Bf8 24. Bd4 Qd7 25. Qf4 b5 26. a3 Ng6 27. Qxf3 Ne5 28. Qh3 Qb7 29. f4 Ng6 30. Qg3 Qxd5 31. Ne3 Qe4+ 32. Ka1 Rxd4 33. Rxd4 Qxe3 34. h5 Qxg3 35. Rxg3 Re1+ 36. Ka2 Nh4 37. Rb4 Nf5 38. Rf3 g6 39. h6 f6 40. Rxb5 Re4 41. Rb4 Rxb4 42. axb4 fxg5 43. fxg5 Kf7 44. Ka3 Ke6 45. Kxa4 Be7 46. Ka5 Bxg5 47. b5 Bd8+ 48. Ka6 Ne7 49. b6 Nd5 50. b7 Nc7+ 51. Ka7 Nb5+ 52. Ka8 Nc7+ 53. Kb8 Kd7 54. Rf7+ Kc6 55. Kc8 Ne6 56. b8=Q 1-0


[Site "https://www.chess.com"]

[Event "Titled Tuesday Blitz March 08 Early 2022"]
[White "Madaminov, Mukhiddin"]
[Black "Dolzhykova, Kateryna"]
[WhiteFideId "14210703"]
[BlackFideId "14113414"]
[WhiteElo "1916"]
[BlackElo "2184"]
[Result "1-0"]
[Round "05"]
[TimeControl "180+1"]
[Date "2022.03.09"]
[WhiteClock "0:01:54"]
[BlackClock "0:01:25"]

1. d4 Nf6 2. Nc3 d5 3. Bf4 g6 4. e3 Bg7 5. h4 h5 6. Nf3 O-O 7. Be2 a6 8. Ne5 c5 9. dxc5 Nbd7 10. c6 Nxe5 11. cxb7 Bxb7 12. Bxe5 Qb6 13. Bd4 Qxb2 14. Rb1 Qa3 15. Rxb7 Rfc8 16. Rb3 Qa5 17. O-O e6 18. g3 Rab8 19. Qd3 Rxb3 20. axb3 Qc7 21. Qxa6 e5 22. Bxe5 Qd7 23. Bxf6 Bxf6 24. Qxf6 1-0


[Site "https://www.chess.com"]

[Event "Titled Tuesday Blitz March 08 Early 2022"]
[White "Maksimovic, Bojan"]
[Black "Vusatiuk, Vladimir"]
[WhiteFideId "14408120"]
[BlackFideId "14118610"]
[WhiteElo "2448"]
[BlackElo "2157"]
[Result "0-1"]
[Round "05"]
[TimeControl "180+1"]
[Date "2022.03.09"]
[WhiteClock "0:00:03"]
[BlackClock "0:00:13"]

1. e4 Nc6 2. Nf3 f5 3. exf5 d5 4. d4 Bxf5 5. Bd3 e6 6. Bxf5 exf5 7. O-O Nf6 8. Bg5 Qd6 9. Bxf6 Qxf6 10. Re1+ Be7 11. Nc3 O-O-O 12. a3 g5 13. Qd3 Bd6 14. Nb5 g4 15. Nxd6+ cxd6 16. Nd2 Qxd4 17. Qxf5+ Kb8 18. Nb3 Qxb2 19. Rab1 Rhe8 20. Qxh7 Qc3 21. Red1 Ne5 22. Na5 Rd7 23. Rxb7+ Kc8 24. Rxd7 Nxd7 25. Qd3 Qxa5 26. g3 Re1+ 27. Kg2 Rxd1 28. Qxd1 Ne5 29. Qd4 Qc5 30. Qf4 d4 31. h3 Qd5+ 32. Kf1 Qc4+ 33. Kg2 Qc6+ 34. Kf1 gxh3 35. Qf5+ Kb7 36. Qxh3 Qxc2 37. Qh7+ Qxh7 0-1


[Site "https://www.chess.com"]

[Event "Titled Tuesday Blitz March 08 Early 2022"]
[White "Manelyuk, Daniil"]
[Black "Atakhan, Abtin"]
[WhiteFideId "44173920"]
[BlackFideId "22502203"]
[WhiteElo "2222"]
[BlackElo "2119"]
[Result "0-1"]
[Round "05"]
[TimeControl "180+1"]
[Date "2022.03.09"]
[WhiteClock "0:00:02"]
[BlackClock "0:00:35"]

1. e4 c6 2. d4 d5 3. Nc3 dxe4 4. Nxe4 Nf6 5. Nxf6+ exf6 6. c3 Bd6 7. Bd3 O-O 8. Qc2 Re8+ 9. Ne2 h5 10. O-O Nd7 11. Be3 Nf8 12. Rae1 h4 13. h3 Qc7 14. Qd2 Ng6 15. c4 Be6 16. d5 Bd7 17. dxc6 Bxc6 18. Nd4 Rad8 19. Qc2 Ne5 20. Bh7+ Kh8 21. c5 Bf8 22. Nxc6 Nxc6 23. Be4 Nb4 24. Qc4 Nc6 25. Bxc6 Qxc6 26. Qxh4+ Kg8 27. b4 Re4 28. Qh5 Rxb4 29. Rd1 Re8 30. Qf5 Re5 31. Qd3 Bxc5 32. Bxc5 Rxc5 33. a3 Re4 34. Rfe1 Rd5 35. Qxd5 Rxe1+ 36. Kh2 Rxd1 37. Qxd1 Qc7+ 38. g3 b5 39. Qd5 Qb6 40. Qa8+ Kh7 41. Kg2 g6 42. Qd5 Kg7 43. h4 a5 44. h5 gxh5 45. Qxh5 Qb7+ 46. Kh2 b4 47. Qg4+ Kf8 48. axb4 axb4 49. Qc4 Qb6 50. Qc8+ Ke7 51. Qc2 b3 52. Qe2+ Kf8 53. Qb2 Qb4 54. Qxf6 Ke8 55. Qe5+ Kd7 56. Qd5+ Ke7 57. Qe5+ Kd8 58. Qd5+ Kc8 59. Qc6+ Kb8 60. Qe8+ Kb7 61. Qxf7+ Kb6 62. Qf6+ Kb5 63. Qe5+ Qc5 64. Qe2+ Kb4 65. Qe5 Qxe5 0-1


[Site "https://www.chess.com"]

[Event "Titled Tuesday Blitz March 08 Early 2022"]
[White "Marcinczyk, Monika"]
[Black "Gubanov, Oleg"]
[WhiteFideId "1192051"]
[BlackFideId "14115115"]
[WhiteElo "1783"]
[BlackElo "2080"]
[Result "0-1"]
[Round "05"]
[TimeControl "180+1"]
[Date "2022.03.09"]
[WhiteClock "0:00:01"]
[BlackClock "0:00:44"]

1. e4 Nf6 2. e5 Nd5 3. d4 d6 4. c4 Nb6 5. exd6 cxd6 6. Nf3 g6 7. Nc3 Bg7 8. Be3 O-O 9. Bd3 d5 10. c5 Nc4 11. Bxc4 dxc4 12. Qd2 Nc6 13. Rd1 Bf5 14. O-O Bd3 15. Rfe1 Nxd4 16. Nxd4 Bxd4 17. Bxd4 Qxd4 18. Rxe7 Qxc5 19. Rxb7 Rab8 20. Rd7 Qb4 21. Qh6 Qxb2 22. Nd5 a5 23. h4 Qg7 24. Qg5 h6 25. Qf4 Kh8 26. Nf6 Bf5 27. R7d6 c3 28. g4 c2 29. Rc1 Be6 30. Rxc2 Rb4 31. Qf3 h5 32. gxh5 gxh5+ 33. Kf1 Bg4 0-1


[Site "https://www.chess.com"]

[Event "Titled Tuesday Blitz March 08 Early 2022"]
[White "Martinez Alcantara, Jose Eduardo"]
[Black "Weetik, Vjacheslav"]
[WhiteFideId "3805662"]
[BlackFideId "4153472"]
[WhiteElo "3034"]
[BlackElo "2718"]
[Result "1-0"]
[Round "05"]
[TimeControl "180+1"]
[Date "2022.03.08"]
[WhiteClock "0:01:24"]
[BlackClock "0:00:12"]

1. e4 c6 2. d4 d5 3. e5 Bf5 4. h4 Qb6 5. Nc3 h6 6. Bd3 Qxd4 7. Nf3 Qg4 8. Be2 Qg6 9. h5 Qh7 10. Nd4 e6 11. g4 Be4 12. f3 Bb4 13. fxe4 Qxe4 14. O-O Bxc3 15. bxc3 Nd7 16. Bf4 Nxe5 17. Qd2 Nf6 18. Rae1 Ned7 19. Bd3 1-0


[Site "https://www.chess.com"]

[Event "Titled Tuesday Blitz March 08 Early 2022"]
[White "Mayaud, Raphael"]
[Black "Hartikainen, Jarmo"]
[WhiteFideId "627151"]
[BlackFideId "503134"]
[WhiteElo "2191"]
[BlackElo "2115"]
[Result "1-0"]
[Round "05"]
[TimeControl "180+1"]
[Date "2022.03.09"]
[WhiteClock "0:00:07"]
[BlackClock "0:00:12"]

1. d4 Nf6 2. Bg5 Ne4 3. Bf4 d5 4. e3 c5 5. Bd3 cxd4 6. exd4 Qb6 7. Nc3 Qxb2 8. Nxd5 Nc3 9. Nxc3 Qxc3+ 10. Kf1 Nc6 11. Ne2 Qa5 12. c4 e6 13. h4 Be7 14. Rh3 e5 15. Bd2 Bxh3 16. Bxa5 Bg4 17. d5 Nxa5 18. Qa4+ Bd7 19. Qxa5 O-O 20. h5 f5 21. c5 b6 22. cxb6 axb6 23. Qc3 Bf6 24. Qb3 e4 25. d6+ Kh8 26. Bb5 Bxb5 27. Qxb5 Bxa1 28. Nf4 Bf6 29. h6 gxh6 30. d7 Rad8 31. Qc6 Rf7 32. Qe6 Rdxd7 33. g3 Kg7 34. Nd5 Rxd5 35. Qxd5 Re7 36. Qxf5 e3 37. fxe3 Rxe3 38. Qg4+ Bg5 39. Qd7+ Kg6 40. Qc6+ Kg7 41. Qxb6 Re7 42. Qd6 Rf7+ 43. Kg2 Re7 44. a4 Re2+ 45. Kf3 Re3+ 46. Kf2 Re7 47. Qd5 Kf6 48. Qc6+ Re6 49. Qb5 Re5 50. Qb6+ Kf5 51. a5 Be3+ 52. Qxe3 Rxe3 53. Kxe3 Ke5 54. a6 Kd5 55. a7 Kc6 56. a8=Q+ 1-0


[Site "https://www.chess.com"]

[Event "Titled Tuesday Blitz March 08 Early 2022"]
[White "Mekhitarian, Krikor Sevag"]
[Black "Vlassov, Nikolai"]
[WhiteFideId "2107660"]
[BlackFideId "4103360"]
[WhiteElo "2598"]
[BlackElo "2407"]
[Result "0-1"]
[Round "05"]
[TimeControl "180+1"]
[Date "2022.03.08"]
[WhiteClock "0:00:29"]
[BlackClock "0:02:52"]

1. e4 Nc6 2. Nf3 d5 3. exd5 Qxd5 4. Nc3 Qa5 5. d4 Bg4 6. h3 Bxf3 7. Qxf3 O-O-O 8. Qxf7 e5 9. d5 Nd4 10. Bd3 Nf6 11. d6 Rd7 12. Qc4 b5 13. Qxc7+ Rxc7 14. dxc7 e4 15. O-O exd3 16. cxd3 Bb4 0-1


[Site "https://www.chess.com"]

[Event "Titled Tuesday Blitz March 08 Early 2022"]
[White "Mikhailov, Viacheslav"]
[Black "Nguyen Hong Nhung"]
[WhiteFideId "4187369"]
[BlackFideId "12412201"]
[WhiteElo "2381"]
[BlackElo "1661"]
[Result "0-1"]
[Round "05"]
[TimeControl "180+1"]
[Date "2022.03.09"]
[WhiteClock "0:00:03"]
[BlackClock "0:00:50"]

1. c4 f5 2. g3 Nf6 3. Bg2 g6 4. Nc3 Bg7 5. Nf3 O-O 6. O-O d6 7. d3 e5 8. Bg5 Qe8 9. Rc1 Be6 10. Nd2 Nc6 11. b4 Rb8 12. b5 Nd8 13. Qa4 a6 14. bxa6 Qxa4 15. Nxa4 bxa6 16. Rb1 Nf7 17. Bxf6 Bxf6 18. Nc3 e4 19. Nd5 Bxd5 20. cxd5 exd3 21. exd3 Ne5 22. Rfc1 Rxb1 23. Rxb1 Nxd3 24. Bf1 Nc5 25. Nc4 Re8 26. Na5 Kg7 27. Nc6 Re4 28. Rb8 Ra4 29. Rc8 Rxa2 30. Rxc7+ Kh6 31. Rf7 Bc3 32. Ne7 Bd4 33. Ng8+ Kg5 34. h4+ Kg4 35. Nh6+ Kf3 36. Bg2+ Ke2 37. Rxh7 Bxf2+ 38. Kh2 Ra3 39. h5 Rxg3 40. hxg6 Rxg6 41. Nxf5 Kd3 42. Rh3+ Kc4 43. Bf1+ Kb4 44. Rf3 Bg1+ 45. Kh1 Nd7 46. Bxa6 Bc5 47. Bd3 Ne5 48. Rf4+ Ka3 49. Be2 Rg5 0-1


[Site "https://www.chess.com"]

[Event "Titled Tuesday Blitz March 08 Early 2022"]
[White "Mikhalsky, Vladimir"]
[Black "Ibraev, Vasilij"]
[WhiteFideId "14144352"]
[BlackFideId "4175190"]
[WhiteElo "2301"]
[BlackElo "2121"]
[Result "1-0"]
[Round "05"]
[TimeControl "180+1"]
[Date "2022.03.09"]
[WhiteClock "0:00:54"]
[BlackClock "0:00:08"]

1. e4 c5 2. Nf3 e6 3. b3 Nc6 4. Bb2 Nf6 5. e5 Nd5 6. c4 Nde7 7. Nc3 b6 8. Bd3 Ng6 9. Nb5 Bb7 10. O-O Be7 11. Nd6+ Bxd6 12. exd6 O-O 13. Bb1 Qb8 14. d4 Qxd6 15. dxc5 Qxc5 16. Qxd7 Rab8 17. Qd2 Rfd8 18. Qc3 Nd4 19. Nxd4 e5 20. Nf5 Qc6 21. Qg3 f6 22. Qxg6 hxg6 23. Ne7+ Kf7 24. Nxc6 Bxc6 25. Bc3 g5 26. f3 e4 27. Bxe4 Bxe4 28. fxe4 Rd3 29. Rf3 Rbd8 30. Raf1 Rxf3 31. Rxf3 Ke6 32. Kf1 1-0


[Site "https://www.chess.com"]